EL
PORTLAND SEA DOGS @ READING FIGHTIN PHILS
09/04/2098
 
TOP OF THE 1ST
Portland Sea Dogs batting - Pitching for Reading Fightin Phils : RHP David Hayes
Pitching: RHP David Hayes
Batting: RHB Steve Abrahamson 0-0: Called Strike
0-1: Ball
1-1: Ball
2-1: Ball
3-1: Foul Ball, location: 7LDF
3-2: Strikes out swinging
Batting: RHB Josh Storlie 0-0: Fly out, F9 (Flyball, 9S, EV 83.8 MPH)
Batting: LHB James Borst 0-0: Ball
1-0: Foul Ball, location: 7LDF
1-1: Called Strike
1-2: Strikes out swinging
Top of the 1st over - 0 runs, 0 hits, 0 errors, 0 left on base; Portland 0 - Reading 0
BOTTOM OF THE 1ST
Reading Fightin Phils batting - Pitching for Portland Sea Dogs : RHP Adam Spiller
Pitching: RHP Adam Spiller
Batting: LHB Mark Murphy 0-0: Ball
1-0: Ball
2-0: Ball
3-0: Called Strike
3-1: DOUBLE (Flyball, 8LXD, EV 101.3 MPH)
Batting: LHB Pedro Sbarro 0-0: Ground out 4-3 (Groundball, 4, EV 83.1 MPH)
Mark Murphy to third
Batting: LHB Josh Edwards 0-0: Foul Ball, location: 2F
0-1: Ground out U3 (Groundball, 34, EV 81.9 MPH)
Batting: LHB Bryce Jackson 0-0: Ball
1-0: Ball
2-0: Called Strike
2-1: Foul Ball, location: 7LSF
2-2: Fly out, F7 (Flyball, 7, EV 89.4 MPH)
Bottom of the 1st over - 0 runs, 1 hit, 0 errors, 1 left on base; Portland 0 - Reading 0
TOP OF THE 2ND
Portland Sea Dogs batting - Pitching for Reading Fightin Phils : RHP David Hayes
Batting: LHB Chris Baker 0-0: Ball
1-0: Swinging Strike
1-1: Swinging Strike
1-2: Foul Ball, location: 2F
1-2: DOUBLE (Groundball, 3L, EV 102.5 MPH)
Batting: RHB Bobby Villalobos 0-0: Ball
1-0: SINGLE (Groundball, 4MD, EV 101.3 MPH)
Chris Baker to third
Batting: LHB Jason McIntosh 0-0: Ball
1-0: Ball
2-0: Fielders Choice at 2nd, 5-4 (Groundball, 56S, EV 83.8 MPH)
Batting: RHB Danny Campos 0-0: Grounds into double play, 3-6-1 (Groundball, 3, EV 85.0 MPH)
Top of the 2nd over - 0 runs, 2 hits, 0 errors, 1 left on base; Portland 0 - Reading 0
BOTTOM OF THE 2ND
Reading Fightin Phils batting - Pitching for Portland Sea Dogs : RHP Adam Spiller
Batting: RHB Matt Grondin 0-0: Foul Ball, location: 9LDF
0-1: Called Strike
0-2: Foul Ball, location: 23F
0-2: Strikes out swinging
Batting: LHB Ryan Price 0-0: Ball
1-0: Foul Ball, location: 2F
1-1: Foul Ball, location: 5FF
1-2: Fly out, F9 (Flyball, 9D, EV 90.6 MPH)
Batting: RHB Marcus McWilliams 0-0: Called Strike
0-1: Ball
1-1: Foul Ball, location: 5F
1-2: Strikes out swinging
Bottom of the 2nd over - 0 runs, 0 hits, 0 errors, 0 left on base; Portland 0 - Reading 0
TOP OF THE 3RD
Portland Sea Dogs batting - Pitching for Reading Fightin Phils : RHP David Hayes
Batting: LHB Ramiro Argueta 0-0: Called Strike
0-1: Swinging Strike
0-2: Ball
1-2: Strikes out looking
Batting: RHB Ben Hunt 0-0: Fly out, F7 (Line Drive, 7LS, EV 92.5 MPH)
Batting: RHB Steve Abrahamson 0-0: Ball
1-0: Fly out, F9 (Flyball, 9, EV 81.3 MPH)
Top of the 3rd over - 0 runs, 0 hits, 0 errors, 0 left on base; Portland 0 - Reading 0
BOTTOM OF THE 3RD
Reading Fightin Phils batting - Pitching for Portland Sea Dogs : RHP Adam Spiller
Batting: LHB Sean Halliburton 0-0: Foul Ball, location: 5SF
0-1: Foul Ball, location: 2F
0-2: Strikes out looking
Batting: RHB Jim Unknown 0-0: Called Strike
0-1: Called Strike
0-2: Ball
1-2: Strikes out swinging
Batting: LHB Mark Murphy 0-0: Ball
1-0: Foul Ball, location: 2LF
1-1: Ball
2-1: Called Strike
2-2: Ball
3-2: Foul Ball, location: 9LSF
3-2: Foul Ball, location: 5DF
3-2: SINGLE (Line Drive, 89S, EV 108.8 MPH)
Batting: LHB Pedro Sbarro 0-0: Ball
1-0: Ground out 4-3 (Groundball, 34, EV 81.9 MPH)
Bottom of the 3rd over - 0 runs, 1 hit, 0 errors, 1 left on base; Portland 0 - Reading 0
TOP OF THE 4TH
Portland Sea Dogs batting - Pitching for Reading Fightin Phils : RHP David Hayes
Batting: RHB Josh Storlie 0-0: SINGLE (Groundball, 6D, EV 95.6 MPH)
Batting: LHB James Borst 0-0: Foul Ball, location: 2F
0-1: Called Strike
0-2: Ball
1-2: Ball
2-2: Strikes out swinging
Batting: LHB Chris Baker 0-0: Ball
1-0: Swinging Strike
1-1: Ball
2-1: Foul Ball, location: 25F
2-2: Ball
Wild Pitch!
Josh Storlie to second
3-2: SINGLE (Line Drive, 34, EV 98.1 MPH)
Josh Storlie to third
Batting: RHB Bobby Villalobos 0-0: Ball
1-0: SINGLE (Groundball, 56S, EV 69.4 MPH) (infield hit)
Josh Storlie scores
Chris Baker to second
Batting: LHB Jason McIntosh 0-0: Ball
1-0: Ball
2-0: Fly out, F8 (Flyball, 8RM, EV 97.5 MPH)
Batting: RHB Danny Campos 0-0: TRIPLE (Line Drive, 78XD, EV 95.6 MPH)
Chris Baker scores
Bobby Villalobos scores
Batting: LHB Ramiro Argueta 0-0: Ball
1-0: Foul Ball, location: 2F
1-1: Swinging Strike
1-2: Foul Ball, location: 2F
1-2: Ball
2-2: Ball
3-2: Foul Ball, location: 3F
3-2: Base on Balls
Batting: RHB Ben Hunt 0-0: Fly out, F3 (Popup, 23F, EV 88.8 MPH)
Top of the 4th over - 3 runs, 4 hits, 0 errors, 2 left on base; Portland 3 - Reading 0
BOTTOM OF THE 4TH
Reading Fightin Phils batting - Pitching for Portland Sea Dogs : RHP Adam Spiller
Batting: LHB Josh Edwards 0-0: Ball
1-0: Foul Ball, location: 9LMF
1-1: Fly out, F8 (Flyball, 8RM, EV 98.8 MPH)
Batting: LHB Bryce Jackson 0-0: Called Strike
0-1: Foul Ball, location: 23F
0-2: Ground out 6-3 (Groundball, 6, EV 105.0 MPH)
Batting: RHB Matt Grondin 0-0: Ball
1-0: Foul Ball, location: 25F
1-1: Foul Ball, location: 2F
1-2: Ball
2-2: Fly out, F6 (Popup, 6MD, EV 69.4 MPH)
Bottom of the 4th over - 0 runs, 0 hits, 0 errors, 0 left on base; Portland 3 - Reading 0
TOP OF THE 5TH
Portland Sea Dogs batting - Pitching for Reading Fightin Phils : RHP David Hayes
Batting: RHB Steve Abrahamson 0-0: Called Strike
0-1: Foul Ball, location: 2F
0-2: Fly out, F8 (Flyball, 89D, EV 96.9 MPH)
Batting: RHB Josh Storlie 0-0: Fly out, F9 (Line Drive, 9S, EV 88.1 MPH)
Batting: LHB James Borst 0-0: Called Strike
0-1: Ball
1-1: Swinging Strike
1-2: Strikes out swinging, 2-3 out at first.
Top of the 5th over - 0 runs, 0 hits, 0 errors, 0 left on base; Portland 3 - Reading 0
BOTTOM OF THE 5TH
Reading Fightin Phils batting - Pitching for Portland Sea Dogs : RHP Adam Spiller
Batting: LHB Ryan Price 0-0: Ball
1-0: Ball
2-0: DOUBLE (Line Drive, 8RXD, EV 110.6 MPH)
Batting: RHB Marcus McWilliams 0-0: Ball
1-0: Ball
2-0: SINGLE (Line Drive, 3D, EV 109.4 MPH)
Ryan Price to third
Batting: LHB Sean Halliburton 0-0: Ball
1-0: Called Strike
1-1: Foul Ball, location: 2F
1-2: Ball
2-2: Strikes out swinging
Batting: RHB Jim Unknown 0-0: Ball
1-0: Called Strike
1-1: Ball
2-1: Fly out, F9 (Flyball, 9, EV 82.5 MPH)
Runner from 3rd tags up, SCORES, throw by RF
Batting: LHB Mark Murphy 0-0: Foul Ball, location: 23FF
0-1: Ball
1-1: Fly out, F7 (Flyball, 78S, EV 75.0 MPH)
Bottom of the 5th over - 1 run, 2 hits, 0 errors, 1 left on base; Portland 3 - Reading 1
TOP OF THE 6TH
Portland Sea Dogs batting - Pitching for Reading Fightin Phils : RHP David Hayes
Batting: LHB Chris Baker 0-0: Called Strike
0-1: Ball
1-1: Ball
2-1: Fly out, F8 (Flyball, 89S, EV 72.5 MPH)
Batting: RHB Bobby Villalobos 0-0: Ball
1-0: Foul Ball, location: 2F
1-1: Ball
2-1: Ball
3-1: Foul Ball, location: 3DF
3-2: Fly out, F9 (Flyball, 89S, EV 89.4 MPH)
Batting: LHB Jason McIntosh 0-0: Fly out, F8 (Flyball, 8RD, EV 106.3 MPH)
Top of the 6th over - 0 runs, 0 hits, 0 errors, 0 left on base; Portland 3 - Reading 1
BOTTOM OF THE 6TH
Reading Fightin Phils batting - Pitching for Portland Sea Dogs : RHP Adam Spiller
Batting: LHB Pedro Sbarro 0-0: Called Strike
0-1: Ball
1-1: Foul Ball, location: 5DF
1-2: Strikes out looking
Batting: LHB Josh Edwards 0-0: Fly out, F7 (Flyball, 7D, EV 91.3 MPH)
Batting: LHB Bryce Jackson 0-0: Called Strike
0-1: Ball
1-1: Ball
2-1: Swinging Strike
2-2: Ball
3-2: Foul Ball, location: 7LMF
3-2: Fly out, F7 (Flyball, 7LMF, EV 89.4 MPH)
Bottom of the 6th over - 0 runs, 0 hits, 0 errors, 0 left on base; Portland 3 - Reading 1
TOP OF THE 7TH
Portland Sea Dogs batting - Pitching for Reading Fightin Phils : RHP David Hayes
Batting: RHB Danny Campos 0-0: Called Strike
0-1: Swinging Strike
0-2: Foul Ball, location: 5F
0-2: Ball
1-2: Strikes out swinging
Batting: LHB Ramiro Argueta 0-0: Ball
1-0: Foul Ball, location: 7LSF
1-1: SINGLE (Line Drive, 89M, EV 98.8 MPH)
Batting: RHB Ben Hunt 0-0: Ball
1-0: SINGLE (Groundball, 56D, EV 103.8 MPH)
Ramiro Argueta to second
Batting: RHB Steve Abrahamson 0-0: Swinging Strike
0-1: Ball
1-1: Ball
2-1: Ball
3-1: Swinging Strike
3-2: Base on Balls
Ramiro Argueta to third
Ben Hunt to second
Batting: RHB Josh Storlie 0-0: Ball
1-0: SINGLE (Groundball, 4MD, EV 106.3 MPH)
Ramiro Argueta scores
Ben Hunt to third
Steve Abrahamson to second
Batting: LHB James Borst 0-0: Swinging Strike
0-1: SINGLE (Line Drive, 4MD, EV 106.3 MPH)
Ben Hunt scores
Steve Abrahamson to third
Josh Storlie to second
Batting: LHB Chris Baker 0-0: Ball
Wild Pitch!
Steve Abrahamson scores
Josh Storlie to third
James Borst to second
1-0: Foul Ball, location: 5SF
1-1: Foul Ball, location: 7LDF
1-2: Ball
Wild Pitch!
Josh Storlie scores
James Borst to third
2-2: Foul Ball, location: 2F
2-2: Ball
3-2: Fly out, F9 (Flyball, 9, EV 83.1 MPH)
Runner from 3rd tags up, SCORES, throw by RF
Batting: RHB Bobby Villalobos 0-0: Ball
1-0: Foul Ball, location: 2F
1-1: Ball
2-1: Fly out, F8 (Flyball, 8RD, EV 102.5 MPH)
Top of the 7th over - 5 runs, 4 hits, 0 errors, 0 left on base; Portland 8 - Reading 1
BOTTOM OF THE 7TH
Reading Fightin Phils batting - Pitching for Portland Sea Dogs : RHP Adam Spiller
Batting: RHB Matt Grondin 0-0: Ball
1-0: Ball
2-0: Ball
3-0: Called Strike
3-1: Called Strike
3-2: Foul Ball, location: 25F
3-2: SINGLE (Line Drive, 6MD, EV 101.3 MPH)
Pinch Hitting: RHB Jim Unknown 0-0: Fly out, F8 (Flyball, 8LD, EV 90.0 MPH)
Pinch Hitting: RHB Jim Unknown 0-0: Ball
1-0: Ball
2-0: Ball
3-0: Called Strike
3-1: Grounds into double play, 4-6-3 (Groundball, 4, EV 91.3 MPH)
Bottom of the 7th over - 0 runs, 1 hit, 0 errors, 0 left on base; Portland 8 - Reading 1
TOP OF THE 8TH
Portland Sea Dogs batting - Pitching for Reading Fightin Phils : RHP David Hayes
Pitching: LHP Bob Chaffee
Now at 3B: Jim Unknown
Now in RF: Jim Unknown
Batting: LHB Jason McIntosh 0-0: Swinging Strike
0-1: Ball
1-1: Called Strike
1-2: SINGLE (Line Drive, 6M, EV 95.6 MPH)
Batting: RHB Danny Campos 0-0: Ball
1-0: Foul Ball, location: 5FF
1-1: Ball
2-1: Swinging Strike
2-2: Fly out, F8 (Flyball, 8RM, EV 98.8 MPH)
Batting: LHB Ramiro Argueta 0-0: Ball
1-0: Foul Ball, location: 7LSF
1-1: Called Strike
1-2: Foul Ball, location: 2F
1-2: Foul Ball, location: 5F
1-2: Ball
2-2: Strikes out looking
Batting: RHB Ben Hunt 0-0: Called Strike
0-1: Fielders Choice at 2nd, 6-4 (Groundball, 6, EV 81.3 MPH)
Top of the 8th over - 0 runs, 1 hit, 0 errors, 1 left on base; Portland 8 - Reading 1
BOTTOM OF THE 8TH
Reading Fightin Phils batting - Pitching for Portland Sea Dogs : RHP Adam Spiller
Batting: LHB Sean Halliburton 0-0: Foul Ball, location: 3F
0-1: Ball
1-1: Foul Ball, location: 7LSF
1-2: Strikes out swinging
Batting: RHB Jim Unknown 0-0: Ball
1-0: Called Strike
1-1: Foul Ball, location: 5FF
1-2: Ball
2-2: Strikes out swinging
Batting: LHB Mark Murphy 0-0: Swinging Strike
0-1: Fly out, F9 (Line Drive, 89S, EV 96.3 MPH)
Bottom of the 8th over - 0 runs, 0 hits, 0 errors, 0 left on base; Portland 8 - Reading 1
TOP OF THE 9TH
Portland Sea Dogs batting - Pitching for Reading Fightin Phils : LHP Bob Chaffee
Batting: RHB Steve Abrahamson 0-0: Ball
1-0: Ball
2-0: Ground out 6-3 (Groundball, 6, EV 100.6 MPH)
Batting: RHB Josh Storlie 0-0: Ball
1-0: Fly out, F9 (Flyball, 89S, EV 91.3 MPH)
Batting: LHB James Borst 0-0: Ball
1-0: Foul Ball, location: 7LSF
1-1: Ball
2-1: Foul Ball, location: 2F
2-2: Fly out, F9 (Flyball, 89M, EV 85.0 MPH)
Top of the 9th over - 0 runs, 0 hits, 0 errors, 0 left on base; Portland 8 - Reading 1
BOTTOM OF THE 9TH
Reading Fightin Phils batting - Pitching for Portland Sea Dogs : RHP Adam Spiller
Pitching: RHP Fred Feightner
Pinch Hitting: RHB Jim Unknown 0-0: Foul Ball, location: 5DF
0-1: Called Strike
0-2: DOUBLE (Flyball, 89XD, EV 102.5 MPH)
Batting: LHB Josh Edwards 0-0: Foul Ball, location: 9LSF
0-1: Ball
1-1: Ball
2-1: Swinging Strike
2-2: SINGLE (Line Drive, 9S, EV 92.5 MPH)
Jim Unknown to third
Batting: LHB Bryce Jackson 0-0: Ball
1-0: Ball
2-0: Ball
3-0: Called Strike
3-1: Called Strike
3-2: Strikes out looking
Batting: RHB Matt Grondin 0-0: Called Strike
0-1: Ball
1-1: Ball
2-1: Called Strike
2-2: Ball
3-2: Fly out, F9 (Flyball, 89M, EV 78.1 MPH)
Pinch Hitting: RHB Marc Paul 0-0: Ball
1-0: Ball
2-0: Foul Ball, location: 25FF
2-1: Foul Ball, location: 2F
2-2: Ball
3-2: Ground out 3-1 (Groundball, 34S, EV 89.4 MPH)
Bottom of the 9th over - 0 runs, 2 hits, 0 errors, 2 left on base; Portland 8 - Reading 1
Sunday, April 14th , 2024 - OOTP Baseball 24.11 Build 85